 Dungeon Crawl Stone Soup version 0.28-a0-925-gd5e1996cdb (webtiles) character file.

Game seed: 17156398123048389788

2441 Crownlay the Thaumaturge (level 9, -8/45 HPs)
             Began as a Gargoyle Earth Elementalist on Nov 25, 2021.
             Mangled by a gnoll sergeant (17 damage)
             ... on level 6 of the Dungeon on Nov 26, 2021.
             The game lasted 00:13:05 (7286 turns).

Crownlay the Thaumaturge (GrEE)                     Turns: 7286, Time: 00:13:05

Health: -8/45      AC: 11    Str: 18    XL:     9   Next: 49%
Magic:  12/22      EV: 11    Int: 19    God:
Gold:   328        SH:  0    Dex: 10    Spells: 21/27 levels left

rFire   . . .      SeeInvis .   m - +6 glaive
rCold   . . .      Faith    .   (shield currently unavailable)
rNeg    + . .      Spirit   .   b - +0 robe
rPois   ∞          Reflect  .   t - +0 helmet
rElec   +          Harm     .   y - +0 cloak
rCorr   .          Rampage  .   h - +0 pair of gloves
Will    +....                   (no boots)
Stlth   ++........              (no amulet)
HPRegen 0.15/turn               f - +6 ring of strength
MPRegen 0.18/turn               a - ring of willpower

@: no status effects
A: sickness immunity, AC +6, negative energy resistance 1, electricity
resistance, torment resistance 1, petrification resistance
a: no special abilities


You were on level 6 of the Dungeon.
You visited 1 branch of the dungeon, and saw 6 of its levels.

You collected 328 gold pieces.

Inventory:

Hand Weapons
 e - a +2 whip of holy wrath
 m - a +6 glaive (weapon)
Missiles
 c - 137 stones
Armour
 b - a +0 robe (worn)
 h - a +0 pair of gloves (worn)
 t - a +0 helmet (worn)
 y - a +0 cloak (worn)
Jewellery
 a - a ring of willpower (right hand)
 f - a +6 ring of strength (left hand)
 w - a ring of flight
Wands
 u - a wand of digging (6)
Scrolls
 d - a scroll of enchant armour {unknown}
 i - a scroll of silence {unknown}
 k - a scroll of blinking {unknown}
 p - a scroll of immolation {unknown}
 s - a scroll of acquirement {unknown}
 v - 2 scrolls of noise {unknown}
 A - a scroll of teleportation {unknown}
Potions
 g - 3 potions of curing {unknown}
 j - a potion of magic {unknown}
 l - a potion of might {unknown}
 n - a potion of attraction {unknown}
 o - a potion of flight {unknown}
 q - 2 potions of brilliance {unknown}
 r - a potion of invisibility {unknown}
 x - a potion of mutation {unknown}
 z - a potion of berserk rage {unknown}
 B - a potion of haste {unknown}


   Skills:
 - Level 1.5 Dodging
 - Level 2.1 Stealth
 * Level 9.6 Spellcasting
 - Level 0.7 Transmutations
 + Level 9.4 Earth Magic


You had 21 spell levels left.
You knew the following spells:

 Your Spells              Type           Power      Damage    Failure   Level
a - Sandblast             Erth           90%        2d19      1%          1
b - Stone Arrow           Conj/Erth      54%        3d10      3%          3
c - Passwall              Tmut/Erth      23%        N/A       1%          2

Your spell library contained the following spells:

 Spells                   Type           Power      Damage    Failure   Level
 Wereblood                Tmut           11%        N/A       9%          2
 Petrify                  Tmut/Erth      28%        N/A       10%         4
 Summon Hydra             Summ           4%         N/A       100%        7
 Sublimation of Blood     Necr           Unusable   N/A       N/A         2

Dungeon Overview and Level Annotations

Branches:
Dungeon (6/15)
 Temple: D:4-7

Altars:
Okawaru
Ru

Shops:
D:6 [=


Innate Abilities, Weirdness & Mutations

You are immune to sickness and miasma.
Your stone body is resilient. (AC +6)
You are immune to poison.
You resist negative energy. (rN+)
You are resistant to electric shocks. (rElec)
You are resistant to unholy torment.
You are immune to petrification.


Message History

The hound barks!
You hear a loud, deep croak!
You hear a shout!
A bullfrog comes into view.
You hear an angry hiss. x2
The stone arrow hits the gnoll sergeant but does no damage.
The gnoll sergeant is lightly wounded.
The gnoll sergeant hits you from afar with a +3 spear of distortion.
You blink.
You slash the hound!
The hound is almost dead.
The hound misses you. The hound barely misses you.
The hound bites you but does no damage.
You slash the hound!
You kill the hound!
The bullfrog closely misses you. The bullfrog barely misses you.
You closely miss the bullfrog. The bullfrog barely misses you.
The bullfrog hits you but does no damage.
The gnoll sergeant hits you from afar with a +3 spear of distortion!
Space warps horribly around you!
You are too injured to fight recklessly!
The bullfrog barely misses you.
Casting: Stone Arrow (dangerous; 3% risk of failure)
Confirm with . or Enter, or press ? or * to list all spells.
Aiming: Stone Arrow (dangerous; 3% risk of failure)
Press: ? - help, Shift-Dir - straight line, f/p - gnoll sergeant
Aim: a gnoll sergeant, wielding a +3 spear of distortion and wearing a +0 ring mail (lightly wounded, 79% to hit)
The stone arrow hits the bullfrog!
The bullfrog is severely wounded.
The bullfrog hits you. The gnoll sergeant barely misses you.
The bullfrog hits you but does no damage.
Casting: Stone Arrow (dangerous; 3% risk of failure)
Confirm with . or Enter, or press ? or * to list all spells.
Aiming: Stone Arrow (dangerous; 3% risk of failure)
Press: ? - help, Shift-Dir - straight line, f/p - gnoll sergeant
Aim: a gnoll sergeant, wielding a +3 spear of distortion and wearing a +0 ring mail (lightly wounded, 79% to hit)
The stone arrow hits the bullfrog!!
You kill the bullfrog!
The gnoll sergeant hits you from afar with a +3 spear of distortion!
* * * LOW HITPOINT WARNING * * *
Space warps horribly around you!
You die...

##.## #.# #.# #.#
#.# ##...###.# #.#
#.# #.# #........#
#.# #.# #.#
.....##### #.# #.#
#.# ###.## #.# #.#
#[# #.########.#
#.# #.# #
#.##.......# ##.#
#.# ###.##.#######
#..# ###.#
.......# #@##
#...# ....#### #†#
#.### ########
#######g# #.#
#(.#[..###..#...(#
#.#
##...###.....F####
#.#
...###......###
#.# )###......#'#
#.# ##......###§#
#.# ......###g..#
#.#


You could see a gnoll sergeant.

Vanquished Creatures
  Pikel (D:4)
  Maggie (D:6)
  Prince Ribbit (D:5)
  Sigmund (D:3)
  Menkaure (D:6)
  A water moccasin (D:6)
  A black bear (D:6)
  2 necrophages
  An ogre (D:5)
  Blork the orc (D:4)
  2 bullfrogs (D:6)
  A scorpion (D:6)
  2 hounds
  A bullfrog skeleton (D:5)
  3 centaur skeletons
  Crazy Yiuf (D:5)
  A gnoll shaman (D:6)
  Terence (D:2)
  2 iguanas
  2 orc wizards
  Natasha (thrice) (D:4)
  5 adders
  4 gnolls
  A white imp (D:5)
  2 ufetubi (D:6)
  2 dart slugs
  3 orcs
  3 ball pythons
  4 bats
  An endoplasm (D:4)
  A giant cockroach (D:4)
  5 goblins
  7 hobgoblins
  3 jackals (D:5)
  4 kobolds
  6 quokkas
  4 frilled lizards
  3 rats
  A bush (D:5)
89 creatures vanquished.

Vanquished Creatures (others)
  A plant (D:4)
1 creature vanquished.

Grand Total: 90 creatures vanquished

Notes
Turn   | Place    | Note
-------+----------+-------------------------------------------
     0 | D:1      | Crownlay the Gargoyle Earth Elementalist began the quest
                  | for the Orb.
     0 | D:1      | Reached XP level 1. HP: 10/10 MP: 3/3
   345 | D:1      | Reached XP level 2. HP: 7/15 MP: 0/5
   934 | D:1      | Reached XP level 3. HP: 19/19 MP: 7/7
   935 | D:1      | Upgraded the game from 0.28-a0-915-gcd63401287 to
                  | 0.28-a0-925-gd5e1996cdb
  1196 | D:1      | Found a faded altar of an unknown god.
  1411 | D:1      | Learned a level 3 spell: Stone Arrow
  1418 | D:1      | Learned a level 2 spell: Passwall
  1666 | D:2      | Reached XP level 4. HP: 24/24 MP: 9/9
  1742 | D:2      | Noticed Terence
  2197 | D:2      | Killed Terence
  2655 | D:3      | Noticed Sigmund
  2665 | D:3      | Reached XP level 5. HP: 26/28 MP: 3/11
  3265 | D:4      | Noticed Pikel
  3266 | D:4      | Noticed a lemure
  3266 | D:4      | Noticed a lemure
  3267 | D:4      | Noticed a lemure
  3268 | D:4      | Noticed a lemure
  3434 | D:4      | Killed Pikel
  3435 | D:4      | Reached XP level 6. HP: 10/32 MP: 1/15
  3435 | D:4      | Reached XP level 7. HP: 11/36 MP: 1/16
  3450 | D:4      | Noticed Blork the orc
  3639 | D:4      | Killed Blork the orc
  3847 | D:4      | Noticed Natasha
  3854 | D:4      | Killed Natasha
  4238 | D:4      | Noticed Natasha
  4244 | D:4      | Killed Natasha
  4425 | D:4      | Noticed Natasha
  4430 | D:4      | Killed Natasha
  4649 | D:3      | Killed Sigmund
  4650 | D:3      | Reached XP level 8. HP: 34/41 MP: 9/18
  4721 | D:3      | Found an iron altar of Okawaru.
  4794 | D:5      | Entered Level 5 of the Dungeon
  5402 | D:5      | Noticed Prince Ribbit
  5406 | D:5      | Killed Prince Ribbit
  5905 | D:5      | Found a runed translucent door.
  5906 | D:5      | Noticed Crazy Yiuf
  5914 | D:5      | Killed Crazy Yiuf
  6094 | D:6      | Found Musocemo's Antique Armour Boutique.
  6124 | D:6      | Found a sacrificial altar of Ru.
  6130 | D:6      | Noticed Menkaure
  6136 | D:6      | Killed Menkaure
  6209 | D:6      | Reached XP level 9. HP: 45/45 MP: 17/21
  6504 | D:6      | Noticed Maggie
  6511 | D:6      | Killed Maggie
  6783 | D:6      | Found Hanej's Jewellery Boutique.
  7286 | D:6      | Mangled by a gnoll sergeant

Illustrated notes

Levels and vault maps discovered:
D:1:      saegor_arrival_miasma, layout_loops_cross,
          dreamdust_ecumenical_altar_angels_and_demons
D:2:      layout_basic, uniq_terence
D:3:      layout_basic, lemuel_coloured_pillars_altar, uniq_sigmund
D:4:      layout_basic, serial_bayou_pond_d, uniq_pikel, uniq_natasha,
          uniq_blork_the_orc
D:5:      layout_loops_ring, serial_glass, glass_columns_c, glass_columns_a,
          uniq_prince_ribbit1, uniq_crazy_yiuf_cottage
D:6:      minmay_razor_zed, layout_loops_ring, nicolae_ru_awakened_eye,
          serial_shops, nicolae_inconvenience_store, shop, uniq_maggie,
          uniq_menkaure

Skill      XL: |  1  2  3  4  5  6  7  8  9 |
---------------+----------------------------+-----
Earth Magic    | 4 6 7 8 9 |  9.4
Spellcasting   | 3 4 6 7 8 9 |  9.6
Dodging        | |  1.5
Stealth        | |  2.1
Transmutations | |  0.7

Action                   |  1- 3 |  4- 6 |  7- 9 || total
-------------------------+-------+-------+-------++-------
Melee: Dagger            |    37 |       |       ||    37
       Whip              |    33 |    36 |       ||    69
       Glaive            |       |       |    85 ||    85
 Cast: Sandblast         |    12 |    21 |    41 ||    74
       Stone Arrow       |       |     9 |    10 ||    19
       Passwall          |       |     1 |       ||     1
 Stab: Sleeping          |     5 |     1 |     3 ||     9
Armor: Robe              |    28 |    18 |    49 ||    95
Dodge: Dodged            |    54 |    34 |    64 ||   152

Table legend: (Time is in decaauts)
 A = Elapsed time spent in this place.
 B = Non-inter-level travel time spent in this place.
 C = Inter-level travel time spent in this place.
 D = Time resting spent in this place.
 E = Time spent auto-exploring this place.
 F = Levels seen in this place.
 G = Mean time per level.
                   A        B        C        D        E       F      G
               +--------+--------+--------+--------+--------+-----+--------+
         Total |   7357 |   6966 |    391 |    117 |   5867 |   6 | 1226.2 |
       Dungeon |   7357 |   6966 |    391 |    117 |   5867 |   6 | 1226.2 |
               +--------+--------+--------+--------+--------+-----+--------+

Top non-repeatable levels by time:
     D:1: 1725 daAuts
     D:6: 1311 daAuts
     D:4: 1245 daAuts
     D:5: 1222 daAuts
     D:3: 1072 daAuts
     D:2: 780 daAuts
